Unix NetHack Version 5.0.0-0 post-release - last build Jun 10 2026 00:39:30 (3ee93aec679c4c4259841fe613dc97188e26a321,branch:main).

Game began 2026-06-17 12:38:20, ended 2026-06-17 12:45:04.

GdeVolpiano, neutral female human Archeologist

                                            ...
                                           ..@..
                                           .*.h..
                                           ......-
                                              .))--
                                               ..)---
                                                -...).
                                                ---...
                                                |.^.<.
                                                |....-
                                                --.---
                                                 ---

GdeVolpiano the Field Worker  St:11 Dx:9 Co:13 In:15 Wi:17 Ch:9  Neutral
Dlvl:3  $:1162 HP:0(25) Pw:17(17) AC:9  Xp:3 T:872 

Latest messages:
 e - a +0 pick-axe (weapon in right hand).
 u - a thonged club (alternate weapon; not wielded).
 You kill the gnome!
 An arrow misses you.
 You see here a blue gem.
 Indy picks up a topaz ring.
 v - a blue gem.
 What do you want to use or apply? [ae-hj or ?*]
 What do you want to rub on the stone? [$v or ?*]
 v - a worthless piece of blue glass.
 What do you want to drop? [$a-mp-ruv or ?*]
 You drop a worthless piece of blue glass.
 The gnome lord picks up an arrow.
 You hit the gnome lord.
 Indy bites the gnome lord.
 Indy misses the gnome lord.
 You hit the gnome lord.
 Indy misses the gnome lord.
 The gnome lord swings his bow.
 The gnome lord hits!
 #
 Are you sure you want to pray? [yn] (n)
 You begin praying to Camaxtli.
 You are surrounded by a shimmering light.
 Indy misses the gnome lord.
 Indy drops a topaz ring.
 Indy bites the gnome lord.
 The gnome lord starts to attack you, but pulls back.
 Indy picks up a topaz ring.
 Indy bites the gnome lord.
 The gnome lord is killed!
 You finish your prayer.
 You feel that Camaxtli is well-pleased.
 You feel much better.
 It bites the dwarf.
 You hit the dwarf.
 It misses the dwarf.
 The dwarf swings his pick-axe.
 The dwarf hits!
 You miss the dwarf.
 It misses the dwarf.
 You are hit by an arrow.
 You hit the dwarf.
 It bites the dwarf.
 The dwarf swings his pick-axe at it.
 The dwarf hits it.
 The dwarf swings his pick-axe.
 The dwarf hits!
 You die...
 Do you want your possessions identified? [ynq] (y)

Inventory:
 Coins    ('$')
  $ - 1162 gold pieces
 Weapons  (')')
  u - a +0 aklys (alternate weapon; not wielded)
  a - a +2 bullwhip
 Armor    ('[')
  c - an uncursed +0 fedora (being worn)
  b - an uncursed +0 leather jacket (being worn)
 Comestibles  ('%')
  j - an uncursed cream pie
  d - 5 uncursed food rations
  q - an uncursed lembas wafer
 Scrolls  ('?')
  k - an uncursed scroll of confuse monster
  l - an uncursed scroll of scare monster
  i - an uncursed scroll of taming
 Potions  ('!')
  r - an uncursed potion of see invisible
  m - an uncursed potion of water
 Rings    ('=')
  p - an uncursed +1 ring of adornment
 Tools    ('(')
  h - an empty uncursed sack
  e - a +0 pick-axe (weapon in right hand)
  f - a tinning kit (0:88)
 Gems/Stones  ('*')
  g - an uncursed touchstone

GdeVolpiano the Archeologist's attributes:

Background:
 You were a Field Worker, a level 3 female human Archeologist.
 You were neutral, on a mission for Camaxtli
 who was opposed by Quetzalcoatl (lawful) and Huhetotl (chaotic).
 You were right-handed.
 You were in the Gnomish Mines, on level 3.
 You entered the dungeon 872 turns ago.
 There was a new moon in effect when your adventure ended.
 You had 71 experience points, 9 more were needed to attain level 4.

Basics:
 You had 0 out of 25 hit points.
 You had all 17 energy points (spell power).
 Your armor class was 9.
 Your wallet contained 1162 zorkmids.
 Autopickup was on for '$?!/="+' plus thrown, with exceptions.

Final Characteristics:
 Your strength was 11 (limit:18/100).
 Your dexterity was 9 (limit:18).
 Your constitution was 13 (limit:18).
 Your intelligence was 15 (limit:18).
 Your wisdom was 17 (limit:18).
 Your charisma was 9 (limit:18).

Final Status:
 You weren't hungry.
 You were unencumbered.
 You were wielding a pick-axe.
 You had basic skill with pick-axe.

Final Attributes:
 You were devoutly aligned.
 You had automatic searching.
 You were lucky.
 You are dead.

Miscellaneous:
 You didn't encounter any bones levels.
 Total elapsed playing time was 6 minutes and 43 seconds.

Major events:
 Turn
    1: GdeVolpiano the neutral female human Archeologist entered the dungeon
  564: entered the Gnomish Mines
  759: attained the rank of Field Worker (level 3)
  872: killed by a dwarf

You didn't know any spells.

Skills:
 Fighting Skills
   bare handed combat [Unskilled]
   two weapon combat  [Unskilled]
   riding             [Unskilled]
 Weapon Skills
   dagger             [Unskilled]
   knife              [Unskilled]
   pick-axe           [Basic]
   short sword        [Unskilled]
   saber              [Unskilled]
   club               [Unskilled]
   quarterstaff       [Unskilled]
   sling              [Unskilled]
   dart               [Unskilled]
   boomerang          [Unskilled]
   whip               [Basic]
   unicorn horn       [Unskilled]
 Spellcasting Skills
   attack spells      [Unskilled]
   healing spells     [Unskilled]
   divination spells  [Unskilled]
   matter spells      [Unskilled]

Voluntary challenges:
 Character rerolling was not enabled.
 You never genocided any monsters.
 You never polymorphed an object.
 You never changed form.
 You used no wishes.
Achievements:
 You entered the Gnomish Mines.
 You entered a shop.
 You attained the rank of Field Worker.

 The Dungeons of Doom: levels 1 to 3
    Level 1:
       A fountain.
    Level 2:
       A general store, a fountain.
       Stairs down to The Gnomish Mines.
    Level 3:
 The Gnomish Mines:
    Level 3: <- You were here.
       Final resting place for
          you, killed by a dwarf.


Vanquished creatures:
  2 gnome leaders
  a hobbit
  5 gnomes
  3 jackals
  2 goblins
  a sewer rat
  3 grid bugs
  4 lichens
  a kobold zombie
  6 newts
28 creatures vanquished.

No species were genocided or became extinct.

Game over:
                       ----------
                      /          \
                     /    REST    \
                    /      IN      \
                   /     PEACE      \
                  /                  \
                  |   GdeVolpiano    |
                  |     1162 Au      |
                  |   killed by a    |
                  |      dwarf       |
                  |                  |
                  |                  |
                  |       2026       |
                 *|     *  *  *      | *
        _________)/\\_//(\/(/\)/\//\/|_)_______

Goodbye GdeVolpiano the Archeologist...

You died in The Gnomish Mines on dungeon level 3 with 1430 points,
and 1162 pieces of gold, after 872 moves.
You were level 3 with a maximum of 25 hit points when you died.

